 Dungeon Crawl Stone Soup version 0.25-b1-23-ge2ad7d536c (webtiles) character file.

Game seed: 9019743238035883147, levelgen mode: deterministic

24 Esekla the Magician (level 3, -1/21 HPs)
             Began as an Octopode Wizard on June 3, 2020.
             Slain by a jackal (3 damage)
             ... on level 1 of the Dungeon.
             The game lasted 00:04:36 (659 turns).

Esekla the Magician (Octopode Wizard)                Turns: 659, Time: 00:04:37

Health: -1/21      AC:  2    Str:  7    XL:     3   Next: 2%
Magic:  6/8        EV: 13    Int: 20    God:
Gold:   23         SH:  0    Dex: 10    Spells: 6/9 levels left

rFire    . . .     SeeInvis .   d - +1 dagger (holy)
rCold    . . .     Gourm    .   (no shield)
rNeg     . . .     Faith    .   b - +1 hat
rPois    .         Spirit   .   (no amulet)
rElec    .         Reflect  .   (no ring)
rCorr    .         Harm     .   (no ring)
MR       .....                  (no ring)
Stlth    +++.......             (no ring)
HPRegen  0.07/turn              (no ring)
MPRegen  0.11/turn              (no ring)
                                (no ring)
                                (no ring)

@: no status effects
A: almost no armour, stealthy swim, amphibious, 8 rings, constrict 8, camouflage
1, gelatinous body 1
a: no special abilities


You were on level 1 of the Dungeon.
You were not hungry.

You visited 1 branch of the dungeon, and saw 1 of its levels.

You collected 23 gold pieces.

Inventory:

Hand Weapons
 d - a +1 dagger of holy wrath (weapon)
Missiles
 a - 3 boomerangs (quivered)
Armour
 b - a +1 hat (worn)
Potions
 e - 2 potions of curing {unknown}
 g - a potion of haste {unknown}
Comestibles
 c - 3 rations
 f - a chunk of flesh


   Skills:
 * Level 0.2 Fighting
 + Level 2.1 Dodging
 - Level 2.6 Stealth
 * Level 3.8 Spellcasting
 + Level 1.0 Conjurations
   Level 1.0 Summonings
 * Level 1.0 Translocations


You had 6 spell levels left.
You knew the following spells:

 Your Spells              Type           Power        Failure   Level  Hunger
a - Magic Dart            Conj           #...         9%          1    None
b - Blink                 Tloc           N/A          13%         2    ##.....

Your spell library contained the following spells:

 Spells                   Type           Power        Failure   Level  Hunger
 Call Imp                 Summ           #.......     13%         2    ##.....
 Slow                     Hex            #.......     21%         2    ##.....
 Conjure Flame            Conj/Fire      #.......     32%         3    ###....
 Mephitic Cloud           Conj/Pois/Air  #.......     34%         3    ###....


Dungeon Overview and Level Annotations

Branches:
Dungeon (1/15)

Altars:


Innate Abilities, Weirdness & Mutations

You cannot wear most types of armour.
You are very stealthy in the water. (Stealth+)
You are amphibious.
You can wear up to eight rings at the same time.
You can use your tentacles to constrict eight enemies at once.
Your skin changes colour to match your surroundings (Stealth+).
Your rubbery body absorbs attacks. (AC +1, EV +1)


Message History

Confirm with . or Enter, or press ? or * to list all spells.
Aiming: Magic Dart (safe; 9% risk of failure)
Press: ? - help, Shift-Dir - straight line, f - jackal
Aim: a jackal The magic dart hits the jackal.
The jackal is heavily wounded.
Casting: Magic Dart (safe; 9% risk of failure)
Confirm with . or Enter, or press ? or * to list all spells.
Aiming: Magic Dart (safe; 9% risk of failure)
Press: ? - help, Shift-Dir - straight line, f/p - jackal
Aim: a jackal (heavily wounded)
The magic dart hits the jackal but does no damage.
The jackal is heavily wounded.
The jackal bites you.
* * * LOW HITPOINT WARNING * * *
The jackal barely misses you.
You hit the jackal. You grab the jackal.
The jackal is severely wounded.
You constrict the jackal. The jackal bites you.
You die...

#.....##### #.......
#.........### ##..#.##
#....####..(######..##.##
#..........†.............
#....########...#..######
#......## ###.#.##
#....#..# #.#.#######
#######.### #.........#
#.@.# ###.#####.. ###h##
#.# #... #r.######.##
#... ##..........###...
##............##...
#..............#...
#.†............#...
####..............#...
#.................#...


You could see a jackal and a rat.

Vanquished Creatures
  A dart slug (D:1)
  A giant cockroach (D:1)
  5 goblins (D:1)
  A hobgoblin (D:1)
  A jackal (D:1)
  A ball python (D:1)
  4 bats (D:1)
  2 frilled lizards (D:1)
  3 kobolds (D:1)
  5 rats (D:1)
24 creatures vanquished.

Notes
Turn   | Place    | Note
-------+----------+-------------------------------------------
     0 | D:1      | Esekla the Octopode Wizard began the quest for the Orb.
     0 | D:1      | Reached XP level 1. HP: 11/11 MP: 4/4
   324 | D:1      | Reached XP level 2. HP: 17/17 MP: 6/6
   329 | D:1      | Learned a level 2 spell: Blink
   651 | D:1      | Reached XP level 3. HP: 4/21 MP: 8/8
   659 | D:1      | Slain by a jackal

Illustrated notes

Levels and vault maps discovered:
D:1:      lightli_arrival_statue_moat, layout_rooms, st_stairs_13, moated_statue

Action                   || total
-------------------------++-------
Melee: Unarmed           ||     7
       Constrict         ||     8
       Tentacles         ||     3
       Dagger            ||    20
 Cast: Magic Dart        ||    24
 Stab: Sleeping          ||     2
Armor: Skin              ||     8
Dodge: Dodged            ||    19
